 Dungeon Crawl Stone Soup version 0.19-a0-994-g3c636f0 (webtiles) character file.

137 matakusis the Ducker (level 5, 0/40 HPs)
             Began as a Demonspawn Gladiator on July 16, 2016.
             Slain by an orc wizard
             ... wielding a +0 dagger
              (4 damage)
             ... on level 4 of the Dungeon.
             The game lasted 00:09:14 (3118 turns).

matakusis the Ducker (Demonspawn Gladiator)         Turns: 3118, Time: 00:09:14

Health: 0/40       AC:  1    Str: 15    XL:     5   Next: 0%
Magic:  5/5        EV: 14    Int:  9    God:
Gold:   219        SH:  0    Dex: 15    Spells: 0 memorised, 4 levels left

rFire  . . .     SeeInvis .     a - +1 long sword
rCold  + . .     Gourm    .     b - +0 leather armour
rNeg   . . .     Faith    .     (no shield)
rPois  .         Spirit   .     (helmet restricted)
rElec  .         Dismiss  .     (no cloak)
rCorr  .         Reflect  .     (no gloves)
SustAt .         Harm     .     (no boots)
MR     .....                    (no amulet)
Stlth  +.........               (no ring)
                                (no ring)

@: very slightly contaminated, starving, invisible, not resistant to hostile
enchantments, very unstealthy
A: antennae 2, talons 1, blink, cold resistance 1, deformed body, powered by
death 1, wild magic 1, evolution 1
a: Blink


You were on level 4 of the Dungeon.
You were starving.

You visited 1 branch of the dungeon, and saw 4 of its levels.

You collected 219 gold pieces.

Inventory:

Hand Weapons
 a - a +1 long sword (weapon)
Missiles
 d - 3 throwing nets (quivered)
Armour
 b - a +0 leather armour (worn)
Jewellery
 i - an uncursed ring of ice
Scrolls
 o - 2 scrolls of remove curse
Potions
 c - a potion of cancellation
 r - 4 potions of brilliance
Comestibles
 f - 6 bread rations
 m - 2 meat rations
 v - a beef jerky


   Skills:
 * Level 2.8 Fighting
 + Level 3.6 Long Blades
 - Level 1.7 Throwing
 * Level 4.1 Dodging


You had 4 spell levels left.
You didn't know any spells.

Dungeon Overview and Level Annotations

Branches:
Dungeon (4/15)             Temple (0/1) D:4

Altars:
Xom


Innate Abilities, Weirdness & Mutations

You have a pair of antennae on your head.
You regenerate a little health from kills.
You have sharp toenails.
You can translocate small distances at will.
Your flesh is cold resistant. (rC+)
Armour fits poorly on your strangely shaped body.
Your spells are a little harder to cast, but a little more powerful.
You evolve.


Message History

The orc wizard is moderately wounded.
You are very lightly contaminated with residual magic.
You barely miss the orc. Your kick misses the orc.
The orc is heavily wounded.
The orc completely misses you.
You riposte.
You hit the orc.
You kill the orc!
The orc wizard hits you with a dagger.
* * * LOW HITPOINT WARNING * * *
The orc hits you with a flail!
* * * LOW HITPOINT WARNING * * *
Items here: )) [[ †† You hit the orc.
The orc is lightly wounded.
The orc misses you.
You riposte.
You catch the helpless orc completely off-guard!
You slash the orc!
You kill the orc!
You have reached level 5!
The orc wizard hits you with a dagger.
You die...

#...o... .. #.#
.>.. .. #.#{#..#
.#.# #.# #..#
.#.# #.# #>.#
.#.##
#.#.#.o###....###
#o#..†.o.........
#o#######o....##
#@# #.o..#.## #)#
#.#.## # #.#
#<#.#
#.#####.#.##.#
#....o.......#
#######.#.####
#.#.# #.#.# #.#.#


You could see an orc priest and an orc wizard.

Vanquished Creatures
  An iguana (D:4)
  A worker ant (D:4)
  2 adders (D:2)
  An ooze (D:3)
  2 dart slugs
  A worm (D:3)
  A giant gecko (D:2)
  7 orcs
  2 giant cockroaches (D:1)
  6 hobgoblins
  2 kobolds (D:3)
  7 bats
  6 giant newts
  8 goblins
  7 rats
54 creatures vanquished.

Notes
Turn   | Place    | Note
-------+----------+-------------------------------------------
     0 | D:1      | matakusis the Demonspawn Gladiator began the quest for the Orb.
     0 | D:1      | Reached XP level 1. HP: 16/16 MP: 1/1
   420 | D:1      | Gained mutation: You have a pair of small antennae on your head. [demonic ancestry]
   420 | D:1      | Reached XP level 2. HP: 22/22 MP: 2/2
   487 | D:1      | Reached skill level 3 in Dodging
  1047 | D:2      | Gained mutation: You have a pair of antennae on your head. [demonic ancestry]
  1047 | D:2      | Reached XP level 3. HP: 27/27 MP: 3/3
  2334 | D:3      | Gained mutation: You regenerate a little health from kills. [demonic ancestry]
  2334 | D:3      | Reached XP level 4. HP: 24/34 MP: 4/4
  2666 | D:3      | Found a shimmering altar of Xom.
  2703 | D:3      | Gained mutation: Armour fits poorly on your strangely shaped body. [potion of mutation]
  2703 | D:3      | Gained mutation: You evolve. [potion of mutation]
  2703 | D:3      | Gained mutation: You can translocate small distances at will. [potion of mutation]
  2704 | D:3      | Gained mutation: You have sharp toenails. [potion of beneficial mutation]
  2705 | D:3      | Gained mutation: Your spells are a little harder to cast, but a little more powerful. [potion of beneficial mutation]
  2863 | D:4      | Reached skill level 4 in Dodging
  2942 | D:4      | Gained mutation: Your flesh is cold resistant. (rC+) [evolution]
  3078 | D:4      | Found a staircase to the Ecumenical Temple.
  3118 | D:4      | Reached XP level 5. HP: 4/40 MP: 5/5
  3118 | D:4      | Slain by an orc wizard

Vault maps used:
D:1:      scummos_arrival_simple_crosswalls
D:2:      first_bread
D:3:      tgw_xom
D:4:      lemuel_coloured_pillars_altar, vehumet_altar_wand_db

Skill      XL: |  1  2  3  4 |
---------------+-------------+-----
Long Blades    | 3 |  3.6
Dodging        | 3 4 |  4.1
Fighting       | |  2.8
Throwing       | |  1.7

Action                   |  1- 3 |  4- 6 || total
-------------------------+-------+-------++-------
Melee: Long sword        |   147 |    69 ||   216
       Kick              |       |    12 ||    12
  Use: Scroll            |       |    15 ||    15
       Potion            |       |     7 ||     7
 Stab: Sleeping          |     1 |       ||     1
       Invisible         |       |     2 ||     2
  Eat: Chunk             |     4 |     1 ||     5
Armor: Leather armour    |    22 |     7 ||    29
Dodge: Dodged            |    89 |    45 ||   134
